 Dungeon Crawl Stone Soup version 0.30-a0-373-gd37427bb62 (webtiles) character file.

Game seed: 15789128454817349376

7745 bande the Cleaver (level 11, -10/66 HPs)
             Began as a Gargoyle Fighter on Nov 24, 2022.
             Was a High Priest of Okawaru.
             Mangled by a komodo dragon (18 damage)
             ... on level 1 of the Lair of Beasts.
             The game lasted 00:17:53 (10584 turns).

bande the Cleaver (Gargoyle Fighter)               Turns: 10584, Time: 00:17:54

Health: -10/66     AC: 27    Str: 21    XL:     11   Next: 20%
Magic:  15/15      EV:  7    Int:  8    God:    Okawaru [*****.]
Gold:   625        SH:  6    Dex: 13    Spells: 8/10 levels left

rFire   . . .      SeeInvis .    p - +3 war axe
rCold   + . .      Faith    .    c - +1 buckler
rNeg    + . .      Spirit   .    w - +7 chain mail of Chimes {Will++}
rPois   ∞          Reflect  .    q - +0 helmet
rElec   +          Harm     .    (no cloak)
rCorr   .          Rampage  .    (no gloves)
Will    ++...                    (no boots)
Stlth   ..........               (no amulet)
HPRegen 0.31/turn                b - ring of the Weak God {+Blink rC+ Slay+4}
MPRegen 0.14/turn                (no ring)

@: marked
A: sickness immunity, AC +8, negative energy resistance 1, electricity
resistance, torment resistance 1, petrification resistance
a: Renounce Religion, Evoke Blink, Heroism, Finesse, Duel


You were on level 1 of the Lair of Beasts.
You worshipped Okawaru.
Okawaru was extremely pleased with you.
You visited 3 branches of the dungeon, and saw 12 of its levels.
You also visited: Sewer.

You collected 625 gold pieces.

Inventory:

Hand Weapons
 a - a +1 war axe of protection
 p - a +3 war axe (weapon)
 x - a +2 flail of freezing
Missiles
 t - a throwing net (quivered)
Armour
 c - a +1 buckler (worn)
 j - a +1 ring mail of fire resistance
 n - the +3 ring mail of Ezan {+Blink +Inv Slay+3}
   (You found it on level 2 of the Dungeon)

   Slay:      It affects your accuracy & damage with ranged weapons and melee
   (+3).
   +Inv:      It lets you turn invisible.
   +Blink:    It lets you blink.
 q - a +0 helmet (worn)
 w - the +7 chain mail of Chimes (worn) {Will++}
   (You found it on level 5 of the Dungeon)

   Will:      It greatly increases your willpower.
Jewellery
 b - the ring of the Weak God (left hand) {+Blink rC+ Slay+4}
   (You acquired it on level 3 of the Dungeon)

   [ring of slaying]

   Slay:      It affects your accuracy & damage with ranged weapons and melee
   (+4).
   rC:        It protects you from cold.
   +Blink:    It lets you blink.
 l - a ring of wizardry
 z - a +6 ring of dexterity
 G - a ring of wizardry
Wands
 h - a wand of polymorph (21)
 C - a wand of flame (24)
Scrolls
 e - 3 scrolls of blinking
 r - 2 scrolls of enchant weapon
 y - 3 scrolls of teleportation
 D - a scroll of enchant armour
 E - a scroll of magic mapping
 F - a scroll of poison
Potions
 d - 2 potions of might
 f - 3 potions of invisibility
 g - 4 potions of flight
 i - 2 potions of ambrosia
 k - a potion of cancellation {unknown}
 m - 3 potions of haste
 o - 2 potions of curing
 s - 3 potions of brilliance
 u - a potion of heal wounds {unknown}
 v - 2 potions of resistance {unknown}
 A - a potion of mutation {unknown}


   Skills:
 + Level 6.8 Fighting
 + Level 9.7 Axes
 + Level 7.4 Armour
 - Level 0.2 Stealth
 + Level 6.0 Shields
 * Level 4.1 Translocations
 * Level 5.4 Invocations
 * Level 6.0 Evocations


You had 8 spell levels left.
You knew the following spells:

 Your Spells              Type           Power      Damage    Failure   Level
a - Blink                 Tloc           12%        N/A       75%         2

Your spell library contained the following spells:

 Spells                   Type           Power      Damage    Failure   Level
 Gell's Gravitas          Tloc           6%         N/A       92%         3
 Lesser Beckoning         Tloc           12%        N/A       92%         3
 Teleport Other           Tloc           6%         N/A       92%         3
 Momentum Strike          Conj/Tloc      6%         3d8       95%         2
 Foxfire                  Conj/Fire      0%         2x1d4     99%         1
 Magic Dart               Conj           0%         1d3       99%         1
 Necrotise                Necr           0%         1d4       99%         1
 Sandblast                Erth           0%         2d4       99%         1
 Ensorcelled Hibernation  Hex/Ice        0%         N/A       99%         2
 Passwall                 Tmut/Erth      0%         N/A       99%         2
 Dazzling Flash           Conj/Hex       0%         N/A       100%        3
 Inner Flame              Hex/Fire       0%         N/A       100%        3
 Mephitic Cloud           Conj/Pois/Air  0%         N/A       100%        3
 Stone Arrow              Conj/Erth      0%         3d7       100%        3
 Swiftness                Air            0%         N/A       100%        3
 Vampiric Draining        Necr           0%         2d6       100%        3
 Flame Wave               Conj/Fire      0%         2d4       100%        4
 Iskenderun's Mystic Bla  Conj/Tloc      3%         2d3       100%        4
 Sticky Flame             Conj/Fire      0%         2d3       100%        4
 Agony                    Necr           0%         N/A       100%        5
 Fireball                 Conj/Fire      0%         3d3       100%        5
 Starburst                Conj/Fire      0%         6d3       100%        6
 Storm Form               Tmut/Air       0%         N/A       100%        7
 Maxwell's Capacitive Co  Air            0%         ∞         100%        8
 Polar Vortex             Ice            0%         N/A       100%        9
 Call Imp                 Summ           Unusable   N/A       N/A         2
 Summon Ice Beast         Ice/Summ       Unusable   N/A       N/A         4
 Summon Lightning Spire   Summ/Air       Unusable   N/A       N/A         4
 Summon Forest            Summ/Tloc      Unusable   N/A       N/A         5

Dungeon Overview and Level Annotations

Branches:
Dungeon (10/15)            Temple (1/1) D:5            Lair (1/5) D:10
    Orc (0/2) D:9           Sewer (visited)

Altars:
Ashenzari
Cheibriados
Dithmenos
Elyvilon
Fedhas
Hepliaklqana
Kikubaaqudgha
Makhleb
Nemelex Xobeh
Okawaru
Qazlal
Sif Muna
Vehumet
Xom
Yredelemnul
The Shining One

Shops:
D:9 :*=


Innate Abilities, Weirdness & Mutations

You are immune to sickness and miasma.
Your stone body is resilient. (AC +8)
You are immune to poison.
You resist negative energy. (rN+)
You are resistant to electric shocks. (rElec)
You are resistant to unholy torment.
You are immune to petrification.


Message History

Unknown command.
Unknown command.
You barely miss the cane toad.
The cane toad is moderately wounded.
You hit the komodo dragon.
The cane toad stings you but does no damage.
The komodo dragon barely misses you. The cane toad stings you!
Unknown command.
You hit the cane toad.
The cane toad is heavily wounded.
You barely miss the komodo dragon.
The komodo dragon bites you but does no damage.
A yak comes into view.
The cane toad barely misses you.
Unknown command.
You hit the cane toad.
The cane toad is heavily wounded.
You hit the komodo dragon.
The komodo dragon bites you but does no damage.
The cane toad closely misses you.
You closely miss the cane toad.
The cane toad is heavily wounded.
You slash the komodo dragon!
The komodo dragon bites you but does no damage.
The cane toad stings you but does no damage.
Unknown command.
You hit the cane toad.
The cane toad is severely wounded.
You hit the komodo dragon but do no damage.
The cane toad stings you!
* * * LOW HITPOINT WARNING * * *
The komodo dragon bites you but does no damage.
A yak comes into view.
You slash the cane toad!
The cane toad is severely wounded.
You hit the komodo dragon but do no damage.
The cane toad stings you.
* * * LOW HITPOINT WARNING * * *
The komodo dragon bites you!!
You die...

#..# ###.## #..# ###.....#
#.## #........
#..####........ #
##....##........ #
#########...............
#####.#.......Y#............
...........##..l####.......#
..######...##.YF@####.##...#
.## #######..^.##### .## ##
##......#### #.........#
#.......### ###.###..# ###
####


You could see a komodo dragon, 2 yaks and a cane toad.

Vanquished Creatures
  A boulder beetle (D:10)
  A two-headed ogre (D:9)
  A kobold demonologist (D:9)
  Sigmund (D:5)
  5 yaks (D:9)
  A wyvern (D:10)
  2 vampire mosquitoes (D:9)
  A steam dragon (D:7)
  A water moccasin (Sewer)
  Duvessa (D:5)
  A black bear (D:4)
  2 sky beasts (D:7)
  3 orc warriors (D:8)
  2 ogres
  An ice beast (D:7)
  2 centaurs
  5 kobold brigands (D:9)
  6 bullfrogs
  4 necrophages
  5 scorpions
  25 wights
  Dowan (D:5)
  A howler monkey (D:10)
  2 quasits (D:5)
  A gnoll bouda (D:7)
  4 hounds
  5 orc priests
  Ijyb (D:5)
  2 iguanas
  11 orc wizards
  9 adders
  10 gnolls
  5 shadow imps (D:5)
  4 white imps
  3 ufetubi
  2 worms
  A dart slug (D:4)
  60 orcs
  6 endoplasms
  3 giant cockroaches
  5 goblins
  4 hobgoblins
  8 jackals
  21 kobolds
  2 quokkas
  6 ball pythons
  3 bats
  5 frilled lizards
  5 rats
261 creatures vanquished.

Vanquished Creatures (others)
  An ufetubus (D:5)
  2 orcs (D:7)
  2 plants (D:3)
5 creatures vanquished.

Grand Total: 266 creatures vanquished

Notes
Turn   | Place    | Note
-------+----------+-------------------------------------------
     0 | D:1      | bande the Gargoyle Fighter began the quest for the Orb.
     0 | D:1      | Reached XP level 1. HP: 14/14 MP: 1/1
   219 | D:1      | Reached XP level 2. HP: 13/19 MP: 2/2
   496 | D:2      | Reached skill level 2 in Axes
   556 | D:2      | Reached XP level 3. HP: 24/24 MP: 3/3
   624 | D:2      | Found a faded altar of an unknown god.
   829 | D:2      | Identified the +3 ring mail of Ezan {+Blink +Inv Slay+3}
   861 | D:2      | Reached XP level 4. HP: 20/29 MP: 4/4
  1322 | D:3      | Found a white marble altar of Elyvilon.
  1359 | D:3      | Identified a scroll of acquirement
  1359 | D:3      | Acquired the ring of the Weak God {+Blink rC+ Slay+4}
  1413 | D:3      | Found a shadowy altar of Dithmenos.
  1577 | D:3      | HP: 1/29 [something (2)]
  1580 | D:3      | Reached XP level 5. HP: 2/33 MP: 5/5
  1945 | D:3      | Reached skill level 3 in Axes
  2466 | D:4      | Found a glowing drain.
  2475 | Sewer    | Entered a sewer
  2517 | Sewer    | Noticed a water moccasin
  2530 | Sewer    | Killed a water moccasin
  2531 | Sewer    | Reached skill level 1 in Evocations
  2531 | Sewer    | Reached XP level 6. HP: 29/38 MP: 6/6
  2778 | D:4      | Reached skill level 4 in Axes
  2985 | D:4      | Found a burning altar of Makhleb.
  2985 | D:4      | Noticed a green death
  2996 | D:4      | Noticed a ynoxinul
  2996 | D:4      | Noticed an orange demon
  3029 | D:5      | Entered Level 5 of the Dungeon
  3095 | D:5      | Reached XP level 7. HP: 44/44 MP: 7/7
  3126 | D:5      | Reached skill level 5 in Armour
  3170 | D:5      | Noticed Duvessa
  3171 | D:5      | Noticed Dowan
  3183 | D:4      | Reached skill level 5 in Axes
  3403 | D:5      | Killed Duvessa
  3404 | D:5      | Reached XP level 8. HP: 38/48 MP: 8/8
  3408 | D:5      | Killed Dowan
  3448 | D:5      | Noticed Sigmund
  3453 | D:5      | Killed Sigmund
  3480 | D:5      | Reached skill level 6 in Axes
  3679 | D:5      | Identified the +7 chain mail of Chimes {Will++}
  3700 | D:5      | Reached skill level 5 in Fighting
  3752 | D:5      | Noticed Ijyb
  3767 | D:5      | Killed Ijyb
  4075 | D:5      | Found a staircase to the Ecumenical Temple.
  4084 | Temple   | Entered the Ecumenical Temple
  4100 | Temple   | Became a worshipper of Warmaster Okawaru
  4611 | D:6      | Reached skill level 1 in Invocations
  4623 | D:6      | Found a glowing golden altar of the Shining One.
  4663 | D:6      | Reached skill level 5 in Shields
  4723 | D:6      | Reached XP level 9. HP: 54/54 MP: 10/10
  4765 | D:6      | Reached * piety under Okawaru
  4766 | D:6      | Reached skill level 7 in Axes
  4831 | D:6      | Learned a level 2 spell: Blink
  5292 | D:7      | Reached skill level 1 in Translocations
  5575 | D:8      | HP: 1/55 [orc wizard/puff of flame (10)]
  5585 | D:8      | Reached ** piety under Okawaru
  6022 | D:7      | Reached skill level 8 in Axes
  6179 | D:7      | Reached XP level 10. HP: 60/60 MP: 12/12
  7286 | D:8      | Reached skill level 5 in Evocations
  7598 | D:8      | Reached *** piety under Okawaru
  7978 | D:9      | Found Roptag's Book Emporium.
  8082 | D:9      | Noticed a kobold demonologist
  8085 | D:9      | Noticed a sixfirhy
  8599 | D:9      | Reached skill level 9 in Axes
  8777 | D:9      | Found Deloz's Jewellery Shoppe.
  8829 | D:9      | Noticed a two-headed ogre
  8835 | D:9      | Killed a two-headed ogre
  8835 | D:9      | Reached **** piety under Okawaru
  9165 | D:9      | Found a staircase to the Orcish Mines.
  9239 | D:9      | Found Ivoy's General Store.
  9411 | D:9      | Noticed a rust devil
  9413 | D:9      | Noticed an orange demon
  9415 | D:9      | Killed a kobold demonologist
  9416 | D:9      | Reached skill level 5 in Invocations
  9421 | D:9      | Reached XP level 11. HP: 55/66 MP: 14/14
  9574 | D:10     | Entered Level 10 of the Dungeon
  9687 | D:10     | Got Sif Muna's Compendium of the Traveller and Firn
  9707 | D:10     | Noticed a boulder beetle
  9734 | D:10     | Killed a boulder beetle
 10012 | D:10     | Reached ***** piety under Okawaru
 10180 | D:10     | Found a staircase to the Lair.
 10499 | Lair:1   | Entered Level 1 of the Lair of Beasts
 10584 | Lair:1   | Mangled by a komodo dragon

Illustrated notes

Levels and vault maps discovered:
D:1:      eino_arrival_water_star, layout_rooms
D:2:      layout_basic, ebering_ecumenical_altar_sacrificial
D:3:      layout_loops_ring, mainiacjoe_overflow_24_doors, elyvilon_altar_4,
          serial_forest, infiniplex_forest_corner_1, infiniplex_forest_zigzag_1,
          infiniplex_forest_pool, infiniplex_forest_lined_4_way,
          infiniplex_forest_side_room, infiniplex_forest_end_3,
          infiniplex_forest_join, infiniplex_forest_zigzag_2
D:4:      layout_cave_pools, makhleb_altar_promises_db,
          cheibrodos_sewer_entry_drain, hangedman_abyss_or_decor_stagger
D:5:      layout_loops_ring, minmay_temple_entry_offerings, serial_demonic,
          serial_demonic_d, serial_demonic_f, serial_demonic_f,
          serial_demonic_c, st_stairs_12, uniq_duvessa, uniq_ijyb, uniq_sigmund
D:6:      layout_basic, tso_metal_star
D:7:      layout_basic, minmay_misc_feat_columns
D:8:      layout_loops_corners
D:9:      layout_roguey, hiddenorc2_lemuel, serial_shops,
          nicolae_take_the_stairs, nicolae_shop_stone, shop,
          hangedman_abyss_or_decor_lesser_grid
D:10:     layout_cave_pods, lair_entry_dummy
Temple:   nicolae_temple_two_arcs
Lair:1:   layout_cave_pods, st_stairs_9

Skill      XL: |  1  2  3  4  5  6  7  8  9 10 11 |
---------------+----------------------------------+-----
Axes           | 2 3 4 5 6 8 9 |  9.7
Fighting       | 4 5 6 |  6.8
Armour         | 4 5 6 7 |  7.4
Shields        | 4 5 6 |  6.0
Evocations     | 1 2 3 4 5 6 |  6.0
Invocations    | 1 3 5 |  5.4
Translocations | 2 3 4 |  4.1
Stealth        | |  0.2

Action                   |  1- 3 |  4- 6 |  7- 9 | 10-12 || total
-------------------------+-------+-------+-------+-------++-------
Melee: War axe           |    75 |   110 |   227 |   264 ||   676
  Use: Scroll            |     5 |     7 |     6 |     4 ||    22
       Potion            |       |       |       |     1 ||     1
 Stab: Distracted        |       |     1 |       |       ||     1
Armor: Scale mail        |    45 |       |       |       ||    45
       Ring mail         |       |    58 |    67 |       ||   125
       Chain mail        |       |       |   152 |   172 ||   324
Dodge: Dodged            |    40 |    60 |   142 |    81 ||   323
Block: Buckler           |    24 |    36 |    88 |    91 ||   239

Table legend: (Time is in decaauts)
 A = Elapsed time spent in this place.
 B = Non-inter-level travel time spent in this place.
 C = Inter-level travel time spent in this place.
 D = Time resting spent in this place.
 E = Time spent auto-exploring this place.
 F = Levels seen in this place.
 G = Mean time per level.
                   A        B        C        D        E       F      G
               +--------+--------+--------+--------+--------+-----+--------+
         Total |  10743 |  10541 |    202 |   2255 |   6250 |  13 |  826.4 |
       Dungeon |  10478 |  10276 |    202 |   2255 |   6080 |  10 | 1047.8 |
        Temple |     31 |     31 |      0 |      0 |      4 |   1 |   31.0 |
          Lair |     85 |     85 |      0 |      0 |     63 |   1 |   85.0 |
         Sewer |    147 |    147 |      0 |      0 |    103 |   1 |  147.0 |
               +--------+--------+--------+--------+--------+-----+--------+

Top non-repeatable levels by time:
     D:8: 1743 daAuts
     D:9: 1606 daAuts
     D:5: 1099 daAuts
     D:7: 1062 daAuts
     D:3: 1043 daAuts
    D:10: 927 daAuts
     D:2: 909 daAuts
     D:6: 858 daAuts
     D:4: 789 daAuts
     D:1: 439 daAuts
   Sewer: 147 daAuts
  Lair:1: 85 daAuts
  Temple: 31 daAuts
